 Dungeon Crawl Stone Soup version 0.16.0-17-g811c1d7 (webtiles) character file.

2380 achirane the Skirmisher (level 9, -3/57 HPs)
             Began as a Deep Elf Fighter on Mar 21, 2015.
             Shot with an arrow by a centaur (11 damage)
             ... on level 8 of the Dungeon.
             The game lasted 00:55:35 (8385 turns).

achirane the Skirmisher (Deep Elf Fighter)          Turns: 8385, Time: 00:55:36

Health: -3/57      AC:  2    Str: 13    XL:     9   Next: 22%
Magic:  23/23      EV: 10    Int: 17    God:
Gold:   376        SH:  8    Dex: 14    Spells: 1 memorised, 2 levels left

rFire  . . .     SeeInvis .     a - +0 trident
rCold  . . .     Clarity  .     N - +0 robe {MR+}
rNeg   . . .     SustAb   .     c - +0 shield
rPois  .         Gourm    .     (no helmet)
rElec  .         Spirit   .     (no cloak)
rCorr  .         Warding  .     (no gloves)
rMut   .         Stasis   +     (no boots)
MR     +....                    L - amulet of stasis
Stlth  ++........               I - ring of invisibility
                                x - ring of stealth

@: very slightly contaminated, invisible (expiring), somewhat resistant to
hostile enchantments, unstealthy
A: no striking features
a: Turn Visible


You were on level 8 of the Dungeon.
You were not hungry.

You visited 1 branch of the dungeon, and saw 8 of its levels.
You also visited: Sewer and Ossuary.

You collected 376 gold pieces.

Inventory:

Hand weapons
 a - a +0 trident (weapon)
 t - a +0 hunting sling
 B - a +0 quarterstaff
 C - a +3 blowgun
Missiles
 m - 21 stones (quivered)
 s - 5 sling bullets
 y - 5 tomahawks
 D - 30 poisoned needles
Armour
 b - a +0 scale mail
 c - a +0 shield (worn)
 F - a troll hide {Purgy}
 N - a +0 robe of magic resistance (worn)
Jewellery
 x - a ring of stealth (left hand)
 I - a ring of invisibility (right hand)
 L - an amulet of stasis (around neck)
Magical devices
 i - a wand of flame (6)
 O - a wand of random effects (11)
Scrolls
 g - a scroll of fog {unknown}
 j - 4 scrolls of teleportation {unknown}
 k - 3 scrolls of immolation {unknown}
 l - 4 scrolls of blinking {unknown}
 n - 2 scrolls of noise {unknown}
 o - 2 scrolls of random uselessness {unknown}
 r - 2 scrolls of remove curse {unknown}
 w - 2 scrolls of magic mapping
 E - 4 scrolls of identify
 H - a scroll of enchant armour {unknown}
 P - a scroll of amnesia {unknown}
Potions
 e - 3 potions of might
 h - 3 potions of haste
 p - a potion of mutation
 u - a potion of magic
 v - a potion of resistance {unknown}
 z - 3 potions of flight {unknown}
 A - a potion of invisibility {unknown}
 G - 2 potions of restore abilities {unknown}
 M - a potion of curing {unknown}
Books
 q - a book of the Earth

   Spells                             Type                      Level
   a - Leda's Liquefaction            Hexes/Earth                  4
   b - Bolt of Magma                  Conjuration/Fire/Earth       5
   c - Statue Form                    Transmutation/Earth          6
   d - Iron Shot                      Conjuration/Earth            6
   e - Shatter                        Earth                        9
Comestibles
 d - 13 bread rations
 f - a meat ration
 J - 2 royal jellies
 K - 2 chunks of flesh
 Q - 6 beef jerkies


   Skills:
 - Level 7.4 Fighting
 - Level 1.3(3.1) Polearms
 - Level 5.9(6.1) Staves
 - Level 2.4 Armour
 - Level 3.1 Dodging
 - Level 2.4 Shields
 + Level 7.2 Evocations


You had 2 spell levels left.
You knew the following spells:

 Your Spells              Type           Power        Failure   Level  Hunger
a - Statue Form           Trmt/Erth      #........    100%        6    #######


Dungeon Overview and Level Annotations

Branches:
Dungeon (8/15)
 Temple: D:4-7         Lair: D:8-11

Altars:
Dithmenos
Elyvilon
Gozag
Kikubaaqudgha
Makhleb
Nemelex Xobeh
Qazlal
Ru
Xom
The Shining One

Annotations:
D:3 dadoka's ghost, average MfSk
D:6 WildSam's ghost, experienced DsEE
D:8 valak23's ghost, experienced DrFi


Message History

You hit the centaur.
The centaur is moderately wounded.
The centaur hits you! The centaur misses you.
You closely miss the centaur.
The centaur is moderately wounded.
The centaur barely misses you. You block the centaur's attack.
You closely miss the centaur.
The centaur is moderately wounded.
You flicker for a moment.
The centaur barely misses you.
The centaur wields an uncursed shortbow.
The centaur shoots an arrow.
The arrow hits you!
* * * LOW HITPOINT WARNING * * *
You see here an arrow.
The centaur shoots an arrow.
The arrow hits you!
* * * LOW HITPOINT WARNING * * *
Found a fruit.
You see here an arrow.
The centaur shoots an arrow.
The arrow hits you!
You die...

....##..... ... ##
.......#### #.##c#
...#.### . #'#..#
............ #...?#
.....##......###..$.#
##......##........(.#
#.......%...........#
....##. #######(...#
.##### #@.((# ..###.
#..(.# ...)..
########....#
......###........####
##.##.<).........#
#.....).........#
....##############
###


You could see a centaur.

Vanquished Creatures
  Purgy (Sewer)
  2 ice beasts
  2 black bears
  A necrophage (D:7)
  3 ogres
  A sky beast (D:6)
  A phantom (D:8)
  A big kobold (D:7)
  3 giant frogs
  A water moccasin skeleton (D:4)
  3 vampire bats (D:4)
  3 crimson imps
  3 orc priests
  6 hounds
  3 iguanas
  A giant frog skeleton (D:5)
  A gnoll shaman (D:6)
  4 orc wizards (D:6)
  5 worker ants
  Jessica (D:3)
  A worker ant zombie (D:7)
  7 adders
  6 giant mites
  4 worms
  An adder zombie (D:6)
  An adder skeleton (D:6)
  3 giant geckos
  2 oozes
  12 orcs
  8 bats
  4 bat skeletons (D:4)
  2 bat zombies (D:4)
  10 goblins
  10 hobgoblins
  2 jackals (D:7)
  13 kobolds
  4 quokkas
  3 ball pythons
  5 giant cockroaches
  4 giant newts
  An orc zombie (Ossuary)
  11 rats
160 creatures vanquished.

Notes
Turn   | Place    | Note
--------------------------------------------------------------
     0 | D:1      | achirane, the Deep Elf Fighter, began the quest for the Orb.
     0 | D:1      | Reached XP level 1. HP: 13/13 MP: 2/2
   607 | D:1      | Reached XP level 2. HP: 16/18 MP: 4/4
   706 | D:2      | Reached skill level 3 in Fighting
   840 | D:2      | Found an opulent altar of Gozag.
   888 | D:2      | Reached XP level 3. HP: 20/23 MP: 6/6
  1109 | D:2      | Found a glowing golden altar of the Shining One.
  1109 | D:2      | Found a stormy altar of Qazlal.
  1398 | D:2      | Reached skill level 4 in Fighting
  1513 | D:3      | Reached XP level 4. HP: 29/29 MP: 8/8
  1569 | D:3      | Noticed Jessica
  1579 | D:3      | Killed Jessica
  1662 | D:3      | Found a glowing drain.
  1679 | Sewer    | Entered a sewer
  1888 | Sewer    | Reached skill level 1 in Staves
  1893 | Sewer    | Reached XP level 5. HP: 34/34 MP: 10/10
  1928 | Sewer    | Noticed Purgy
  1982 | Sewer    | Killed Purgy
  2239 | D:3      | Noticed dadoka's ghost (average MfSk)
  2394 | D:3      | Found a sparkling altar of Nemelex Xobeh.
  2564 | D:4      | Reached XP level 6. HP: 22/39 MP: 12/12
  2719 | D:4      | Found a sand-covered staircase.
  2782 | Ossuary  | Entered an ossuary
  2939 | D:4      | Noticed a black bear
  2947 | D:4      | Killed a black bear
  2947 | D:4      | Reached skill level 5 in Staves
  3264 | D:4      | Noticed an ogre
  3281 | D:4      | Killed an ogre
  3281 | D:4      | Reached XP level 7. HP: 44/44 MP: 14/14
  3442 | D:4      | Found an ancient bone altar of Kikubaaqudgha.
  3456 | D:4      | Reached skill level 5 in Fighting
  3724 | D:5      | Entered Level 5 of the Dungeon
  3956 | D:5      | Reached skill level 6 in Fighting
  4001 | D:5      | Reached XP level 8. HP: 38/52 MP: 16/16
  4265 | D:6      | Found a sacrificial altar of Ru.
  4725 | D:6      | Reached skill level 7 in Fighting
  5050 | D:6      | Reached skill level 1 in Dodging
  5621 | D:6      | Learned a level 6 spell: Statue Form
  5805 | D:6      | Reached skill level 1 in Evocations
  5836 | D:6      | Noticed WildSam's ghost (experienced DsEE)
  6056 | D:7      | Found a white marble altar of Elyvilon.
  6280 | D:7      | Found a shimmering altar of Xom.
  6404 | D:7      | Found a shadowy altar of Dithmenos.
  6699 | D:7      | Reached skill level 5 in Evocations
  7101 | D:6      | Reached XP level 9. HP: 9/57 MP: 20/22
  8282 | D:8      | Noticed valak23's ghost (experienced DrFi)
  8374 | D:8      | Found a burning altar of Makhleb.
  8385 | D:8      | Shot with an arrow by a centaur

Action                   |  1- 3 |  4- 6 |  7- 9 || total
-------------------------+-------+-------+-------++-------
Melee: Trident           |   102 |   124 |   349 ||   575
 Fire: Hunting sling     |       |    16 |    35 ||    51
       Blowgun           |       |    30 |    42 ||    72
Throw: Stone             |    39 |       |     4 ||    43
 Abil: Evoke Invisibilit |       |       |     5 ||     5
  Use: Scroll            |     5 |       |       ||     5
       Potion            |       |     1 |     5 ||     6
 Stab: Sleeping          |       |     2 |     6 ||     8
       Invisible         |       |       |     5 ||     5
  Eat: Chunk             |     2 |     6 |    14 ||    22
       Meat ration       |       |       |     1 ||     1
       Beef jerky        |       |       |     1 ||     1
